 Dungeon Crawl Stone Soup version 0.23-a0-470-g6f7cfd9 (webtiles) character file.

671 Lavandula the Gusty (level 7, -6/62 HPs)
             Began as a Naga Air Elementalist on Nov 26, 2018.
             Was an Initiate of Ru.
             Mangled by Duvessa
             ... wielding a +0 rapier
              (8 damage)
             ... on level 7 of the Dungeon.
             The game lasted 00:09:38 (2396 turns).

Lavandula the Gusty (Naga Air Elementalist)         Turns: 2396, Time: 00:09:39

Health: -6/62      AC:  6    Str: 13    XL:     7   Next: 58%
Magic:  1/11       EV: 10    Int: 21    God:    Ru [......]
Gold:   135        SH:  4    Dex: 11    Spells: 2/12 levels left

rFire    . . .     SeeInvis +   (no weapon)
rCold    . . .     Gourm    .   q - +0 buckler
rNeg     . . .     Faith    .   a - +0 robe
rPois    +         Spirit   .   (no helmet)
rElec    .         Reflect  .   g - +0 cloak
rCorr    .         Harm     .   (no gloves)
MR       +....                  (no barding)
Stlth    ++........             (no amulet)
HPRegen  0.20/turn              j - +2 ring of intelligence
MPRegen  0.12/turn              d - ring of protection from magic

@: flying, very slightly contaminated, invisible (expiring), very slow
A: large, fangs 1, iridescent scales 1, see invisible, clever 1, deformed body,
poison resistance, slowness 2, slow metabolism 1, spit poison 1, strong 1,
MP-powered wands, AC +2
a: Spit Poison, Renounce Religion


You were on level 7 of the Dungeon.
You worshipped Ru.
Ru was noncommittal.
You were hungry.

You visited 2 branches of the dungeon, and saw 8 of its levels.

You collected 135 gold pieces.

Inventory:

Missiles
 m - 2 tomahawks (quivered)
Armour
 a - a +0 robe (worn)
 g - a +0 cloak (worn)
 i - the +2 ring mail of a volcano {rCorr Dex+4 Stlth-, unknown}
   (You found it on level 5 of the Dungeon)

   It affects your dexterity (+4).
   It provides partial protection from all sources of acid and corrosion.
   It makes you less stealthy.
 q - a +0 buckler (worn)
Jewellery
 d - a ring of protection from magic (right hand)
 j - a +2 ring of intelligence (left hand)
Scrolls
 e - a scroll of enchant weapon
 s - a scroll of amnesia
Potions
 h - 2 potions of haste
 n - a potion of flight
Comestibles
 c - 9 rations
 k - 4 chunks of flesh


   Skills:
 + Level 3.1 Fighting
 - Level 1.5 Dodging
 - Level 3.0 Stealth
 - Level 2.7 Shields
 - Level 3.0 Spellcasting
 - Level 1.0 Conjurations
 - Level 6.4 Air Magic


You had 2 spell levels left.
You knew the following spells:

 Your Spells              Type           Power        Failure   Level  Hunger
a - Shock                 Conj/Air       ###.         3%          1    None
b - Swiftness             Chrm/Air       ###.....     5%          2    ##.....
c - Airstrike             Air            ####......   10%         4    ####...
d - Static Discharge      Conj/Air       ###.....     9%          3    ###....

Your spell library contained the following spells:

 Spells                   Type           Power        Failure   Level  Hunger
 Lightning Bolt           Conj/Air       ###.......   63%         5    ######.


Dungeon Overview and Level Annotations

Branches:
Dungeon (7/15)             Temple (1/1) D:7

Altars:
Ashenzari
Cheibriados
Dithmenos
Elyvilon
Fedhas
Gozag
Hepliaklqana
Qazlal
Ru
Trog
Vehumet
Wu Jian
Xom
Yredelemnul
Zin
The Shining One

Annotations:
D:5 Blork the orc
D:7 Dowan, Duvessa


Innate Abilities, Weirdness & Mutations

You cannot wear boots.
Your serpentine skin is tough. (AC +2)
You have supernaturally acute eyesight. (SInv)
Armour fits poorly on your strangely shaped body.
Your system is resistant to poisons. (rPois)
You cover ground very slowly.
You have a slow metabolism.
You can spit poison.
You have very sharp teeth.
You are partially covered in iridescent scales. (AC +2)
Your mind is acute. (Int +2)
Your muscles are strong. (Str +2)
You expend magic power (3 MP) to strengthen your wands.


Message History

You feel stronger.
You feel clever. Dowan hits you but does no damage.
Unknown command.
You aren't carrying any items that you can evoke.
Unknown command.
You hit Dowan but do no damage.
Dowan is severely wounded.
You flicker for a moment.
Duvessa completely misses you. Dowan hits you but does no damage.
Unknown command.
You hit Duvessa but do no damage.
Duvessa is severely wounded.
You block Duvessa's attack.
Dowan points at you and mumbles some strange words.
You block the puff of flame.
Unknown command.
You barely miss Duvessa.
Duvessa is severely wounded.
Duvessa hits you with a +0 rapier!
You die...

##.#h...%# #..#
#..§..p%%# #..# #§p# .#
#..# #h## .# #..# #h#
.# ##.# #§# #.# ####.#
### #§# ##### #.#
#....# ..##
#.###...######.# #.##.#
.#.####....>...e@e...#
#.##.#
###...........#####..#
#.##.# .#.########..##
#..####.##.## #.##
#..######...........#
###
#..##...........##..#
###
#.§##.#...########.....
..#########..# #.###
#.#### #.........#..#
#. #.# .....####..# #.
#..


You could see Duvessa and Dowan.

Vanquished Creatures
  A slave (D:6)
  2 ogres
  2 centaurs
  A bullfrog (D:7)
  A scorpion (D:7)
  2 howler monkeys (D:4)
  2 hounds (D:6)
  2 worker ants
  2 adders
  An adder skeleton (D:4)
  A dart slug (D:3)
  A leopard gecko (D:7)
  4 orcs (D:6)
  2 giant cockroaches
  A goblin (D:3)
  2 hobgoblins
  5 jackals
  2 quokkas
  2 bats
  A kobold (D:1)
  2 rats
39 creatures vanquished.

Notes
Turn   | Place    | Note
-------+----------+-------------------------------------------
     0 | D:1      | Lavandula the Naga Air Elementalist began the quest for the
                  | Orb.
     0 | D:1      | Reached XP level 1. HP: 15/15 MP: 3/3
   135 | D:1      | Reached XP level 2. HP: 4/22 MP: 0/5
   317 | D:4      | You fall through a shaft!
   317 | D:5      | Entered Level 5 of the Dungeon
   422 | D:5      | Got a faintly humming ring mail
   473 | D:4      | Noticed an ogre
   482 | D:4      | Killed an ogre
   482 | D:4      | Reached skill level 4 in Air Magic
   482 | D:4      | Reached XP level 3. HP: 10/28 MP: 0/7
   482 | D:4      | Reached XP level 4. HP: 13/36 MP: 0/8
   617 | D:4      | Reached skill level 5 in Air Magic
   617 | D:4      | Reached XP level 5. HP: 32/42 MP: 6/9
   621 | D:4      | Learned a level 2 spell: Swiftness
   626 | D:4      | Learned a level 4 spell: Airstrike
   630 | D:4      | Learned a level 3 spell: Static Discharge
   781 | D:4      | Found a hazy altar of Hepliaklqana.
  1112 | D:5      | Noticed Blork the orc
  1112 | D:5      | Noticed a centaur
  1119 | D:6      | Killed a centaur
  1119 | D:6      | Reached skill level 6 in Air Magic
  1119 | D:6      | Reached XP level 6. HP: 10/49 MP: 0/10
  1295 | D:7      | Found a staircase to the Ecumenical Temple.
  1305 | Temple   | Entered the Ecumenical Temple
  1394 | Temple   | Became a worshipper of Ru the Awakened
  1434 | D:7      | Reached skill level 1 in Shields
  1497 | D:7      | Reached XP level 7. HP: 6/55 MP: 7/11
  1539 | D:7      | Noticed Duvessa
  1572 | D:7      | Noticed a hog
  1572 | D:7      | Noticed a hog
  1572 | D:7      | Noticed a hog
  1572 | D:7      | Noticed a human
  1572 | D:7      | Noticed a hog
  1579 | D:7      | HP: 2/55 [hog (10)]
  1920 | D:6      | Reached skill level 1 in Fighting
  2225 | D:7      | Found an ornate altar of the Wu Jian Council.
  2359 | D:7      | Noticed Dowan
  2382 | D:7      | Gained mutation: You expend magic power (3 MP) to
                  | strengthen your wands. [potion of mutation]
  2382 | D:7      | Gained mutation: Your spells are a little harder to cast,
                  | but a little more powerful. [potion of mutation]
  2382 | D:7      | Gained mutation: You have very sharp teeth. [potion of
                  | mutation]
  2392 | D:7      | HP: 1/62 [Duvessa/+0 rapier (3)]
  2393 | D:7      | Lost mutation: Your spells are a little harder to cast, but
                  | a little more powerful. [potion of mutation]
  2393 | D:7      | Gained mutation: You are partially covered in iridescent
                  | scales. (AC +2) [potion of mutation]
  2393 | D:7      | Gained mutation: Your muscles are strong. (Str +2) [potion
                  | of mutation]
  2393 | D:7      | Gained mutation: Your mind is acute. (Int +2) [potion of
                  | mutation]
  2396 | D:7      | Mangled by Duvessa

Vault maps used:
D:1:      matt_arrival_diagonals
D:2:      uniq_terence
D:3:      lemuel_doored_altar
D:4:      marbit_many_paths, first_ration
D:5:      okawaru_metal_pillars_3, solitary_fountain, uniq_grinder,
          uniq_blork_the_orc
D:6:      kennysheep_little_box, tso_altar, uniq_pikel
D:7:      nicolae_overflow_hidden_temple, kennysheep_mini_moat,
          minmay_temple_entry_ruins, serial_shops, shop, grunt_livestock,
          uniq_duvessa
Temple:   nicolae_temple_elliptical

Skill      XL: |  1  2  3  4  5  6  7 |
---------------+----------------------+-----
Spellcasting   | 3 |  3.0
Air Magic      | 4 5 6 |  6.4
Shields        | 2 |  2.7
Fighting       | 3 |  3.1
Dodging        | |  1.5
Stealth        | |  3.0
Conjurations   | |  1.0

Action                   |  1- 3 |  4- 6 |  7- 9 || total
-------------------------+-------+-------+-------++-------
Melee: Unarmed           |     1 |     8 |    15 ||    24
 Cast: Shock             |    19 |    29 |    39 ||    87
       Airstrike         |       |     2 |       ||     2
       Static Discharge  |       |       |     1 ||     1
 Abil: Spit Poison       |    14 |    17 |    14 ||    45
  Use: Scroll            |       |     4 |     5 ||     9
       Potion            |       |       |     6 ||     6
 Stab: Invisible         |       |       |     3 ||     3
  Eat: Chunk             |       |     3 |     3 ||     6
Armor: Robe              |     1 |     7 |     7 ||    15
Dodge: Dodged            |     8 |     9 |    39 ||    56
Block: Buckler           |       |       |    13 ||    13

Table legend:
 A = Non-vault XP
 B = Vault XP
 C = Vault XP percentage of total XP
 D = Non-vault monster count
 E = Vault monster count
 F = Vault count percentage of total count
                 A         B        C        D         E       F
            +---------+---------+-------+---------+---------+-------
      Total |     946 |      13 |   1.4 |      37 |       1 |   2.6
            +---------+---------+-------+---------+---------+-------
        D:1 |       7 |       0 |   0.0 |       5 |       0 |   0.0
        D:2 |       8 |       0 |   0.0 |       5 |       0 |   0.0
        D:3 |       8 |       0 |   0.0 |       3 |       0 |   0.0
        D:4 |     230 |      13 |   5.3 |       5 |       1 |  16.7
        D:5 |      15 |       0 |   0.0 |       2 |       0 |   0.0
        D:6 |     242 |       0 |   0.0 |       8 |       0 |   0.0
        D:7 |     436 |       0 |   0.0 |       9 |       0 |   0.0
            +---------+---------+-------+---------+---------+-------
